AoeStats
← AIDOS

Black Forest

509828141Analyzed
2v2 RM · 4d ago on Sep 28, 2026· 43m 40s· 4 players
Game mode
Random Map
Map size
Medium (4 player)
Population
200
Speed
Normal
Resources
Standard
Victory
Conquest
Starting age
Dark Age
Ending age
Imperial Age
RankedLock teamsTeams togetherTeam positionsShared explorationLock speedFull tech treeHidden civsTurbo modeCheats
Victory
Defeat
🇷🇺 Bohemians · Russia
917
+11
🇲🇽 Bohemians · Mexico
860
+13
🇦🇺 Cumans · Australia
868
-41
🇨🇳 Burmese · China
714
-9
DiegoIBGZ
5:32 Loom
13:49 Feudal Age
14:38 Double-Bit Axe
20:06 Castle Age
20:28 Forging
21:01 Wheelbarrow
21:24 Pikeman
29:49 Horse Collar
32:33 Iron Casting
31:48 Fletching
32:24 Ballistics
32:40 Town Watch
34:23 Bow Saw
37:00 Imperial Age
35:26 Bodkin Arrow
35:43 Town Patrol
37:47 Hand Cart
37:18 Capped Ram
37:20 Halberdier
37:23 Elite Hussite Wagon
39:12 Blast Furnace
38:13 Bracer
39:32 Chemistry
X-you
0:30 Loom
11:31 Feudal Age
12:54 Wheelbarrow
12:01 Horse Collar
12:13 Double-Bit Axe
21:42 Castle Age
24:50 Hand Cart
31:36 Imperial Age
31:21 Bow Saw
32:47 Chemistry
32:08 Ballistics
32:15 Heavy Plow
32:58 Conscription
32:44 Wagenburg Tactics
32:47 Pikeman
33:29 Squires
33:37 Caravan
33:33 Fletching
36:04 Two-Man Saw
34:58 Halberdier
35:22 Elite Hussite Wagon
37:11 Padded Archer Armor
37:08 Bodkin Arrow
37:24 Siege Engineers
37:30 Fortified Wall
39:05 Houfnice
40:06 Leather Archer Armor
39:54 Bracer
40:05 Forging
39:56 Scale Mail Armor
41:25 Ring Archer Armor
42:55 Iron Casting
arexabcu1974
0:48 Loom
17:41 Feudal Age
21:05 Horse Collar
23:42 Castle Age
23:28 Wheelbarrow
23:53 Stone Mining
23:54 Gold Mining
24:33 Heavy Plow
25:56 Hand Cart
27:56 Gold Shaft Mining
28:40 Fletching
28:51 Padded Archer Armor
29:01 Forging
28:52 Scale Mail Armor
32:40 Bodkin Arrow
33:20 Iron Casting
33:01 Chain Mail Armor
35:27 Manipur Cavalry
38:16 Imperial Age
36:16 Caravan
36:04 Town Watch
37:29 Man-at-Arms
37:54 Gambesons
38:11 Squires
37:38 Pikeman
38:10 Treadmill Crane
38:51 Ballistics
38:42 Fortified Wall
38:27 Murder Holes
38:58 Ballistics
38:19 Treadmill Crane
39:04 Ballistics
38:40 Murder Holes
38:56 Masonry
38:55 Scale Barding Armor
39:32 Conscription
41:26 Chemistry
41:20 Crop Rotation
40:17 Long Swordsman
40:20 Halberdier
40:41 Elite Arambai
AIDOS
14:35 Feudal Age
19:02 Horse Collar
19:11 Double-Bit Axe
19:19 Gold Mining
19:19 Stone Mining
23:12 Castle Age
22:37 Man-at-Arms
24:32 Caravan
27:51 Bow Saw
30:37 Wheelbarrow
29:48 Loom
29:49 Town Watch
31:20 Pikeman
31:20 Long Swordsman
31:47 Arson
32:02 Squires
32:14 Scale Mail Armor
35:32 Heavy Plow
36:48 Hand Cart
37:11 Ballistics
37:03 Masonry
Connection lost

Rejoining the realm…

Still unreachable

The connection could not be restored.

Session expired

The server has moved on; the page needs a fresh start.